 Dungeon Crawl Stone Soup version 0.30-a0-779-g7971cf19c3 (webtiles) character file.

Game seed: 2530874391971970466

45276 Iich the Executioner (level 14, -3/138 HPs)
             Began as a Hill Orc Fighter on Feb 17, 2023.
             Was an Initiate of Gozag.
             Drowned by a drowned soul (11 damage)
             ... summoned by a merfolk avatar
             ... on level 5 of the Lair of Beasts.
             The game lasted 00:28:08 (22720 turns).

Iich the Executioner (Hill Orc Fighter)            Turns: 22720, Time: 00:28:09

Health: -3/138     AC: 24    Str: 20    XL:     14   Next: 32%
Magic:  14/14      EV:  5    Int:  8    God:    Gozag
Gold:   189        SH:  5    Dex: 14    Spells: 13/13 levels left

rFire   + . .      SeeInvis .    k - +2 war axe (venom)
rCold   . . .      Faith    .    c - +0 buckler
rNeg    . . .      Spirit   .    Q - +3 plate armour {rF+}
rPois   .          Reflect  .    B - +2 hat
rElec   .          Harm     .    j - +1 cloak
rCorr   .          Rampage  .    z - +0 pair of gloves
Will    +....                    (no boots) Stlth
                                 (no amulet)
HPRegen 0.43/turn                n - ring of flight
MPRegen 0.14/turn                O - +4 ring of protection

@: flying, mesmerised
A: no striking features
a: Renounce Religion, Potion Petition, Call Merchant, Bribe Branch


You were on level 5 of the Lair of Beasts.
You worshipped Gozag.
Gozag was aware of your devotion.
You visited 3 branches of the dungeon, and saw 16 of its levels.
You also visited: Ossuary and Volcano.

You collected 3933 gold pieces.
You paid 3744 gold pieces to Gozag.

Inventory:

Hand Weapons
 k - a +2 war axe of venom (weapon)
Missiles
 a - 4 throwing nets (quivered)
Armour
 b - a +0 scale mail
 c - a +0 buckler (worn)
 j - a +1 cloak (worn)
 l - a +0 plate armour
 r - a +0 chain mail
 z - a +0 pair of gloves (worn)
 B - a +2 hat (worn)
 Q - a +3 plate armour of fire resistance (worn)
Jewellery
 n - a ring of flight (left hand)
 J - a ring of fire
 O - a +4 ring of protection (right hand)
Wands
 x - a wand of digging (7)
 D - a wand of mindburst (2)
 I - a wand of charming (12)
 P - a wand of roots (9)
Scrolls
 h - 2 scrolls of fog
 i - 7 scrolls of teleportation
 m - a scroll of blinking
 p - 2 scrolls of brand weapon
 q - a scroll of magic mapping
 s - a scroll of noise
 t - 2 scrolls of enchant weapon
 y - a scroll of vulnerability
 A - a scroll of amnesia
 H - a scroll of identify
 K - a scroll of torment
 M - a scroll of poison
Potions
 d - 2 potions of might
 e - 4 potions of cancellation
 f - 4 potions of haste
 g - a potion of attraction
 o - a potion of lignification
 u - 3 potions of brilliance
 v - 2 potions of flight
 C - 3 potions of invisibility
 E - 2 potions of resistance
 F - 2 potions of mutation
Miscellaneous
 w - a piece from Xom's chessboard (12/15)
 G - a phantom mirror (inert)


   Skills:
 + Level 16.9 Fighting
 * Level 24.5 Axes
 + Level 5.2 Armour
 - Level 3.2 Shields


You had 13 spell levels left.
You didn't know any spells.
Your spell library contained the following spells:

 Spells                   Type           Power      Damage    Failure   Level
 Freeze                   Ice            0%         1d3       100%        1
 Shock                    Conj/Air       0%         1d3       100%        1
 Scorch                   Fire           0%         2d5       100%        2
 Sublimation of Blood     Necr           0%         N/A       100%        2
 Wereblood                Tmut           0%         N/A       100%        2
 Frozen Ramparts          Ice            0%         1d1       100%        3
 Hailstorm                Conj/Ice       0%         3d3       100%        3
 Inner Flame              Hex/Fire       0%         N/A       100%        3
 Swiftness                Air            0%         N/A       100%        3
 Airstrike                Air            0%         2d(0-16)  100%        4
 Flame Wave               Conj/Fire      0%         2d4       100%        4
 Sticky Flame             Conj/Fire      0%         2d3       100%        4
 Summon Lightning Spire   Summ/Air       0%         N/A       100%        4
 Summon Cactus Giant      Summ           0%         N/A       100%        6
 Storm Form               Tmut/Air       0%         N/A       100%        7
 Summon Hydra             Summ           0%         N/A       100%        7
 Maxwell's Capacitive Co  Air            0%         ∞         100%        8


Dungeon Overview and Level Annotations

Branches:
Dungeon (10/15)            Temple (1/1) D:5            Lair (5/5) D:9
  Swamp (0/4) Lair:2       Spider (0/4) Lair:2          Orc (0/2) D:9
Ossuary (visited)         Volcano (visited)
  Slime: Lair:4-5

Altars:
Ashenzari
Cheibriados
Dithmenos
Elyvilon
Fedhas
Gozag
Hepliaklqana
Makhleb
Nemelex Xobeh
Okawaru
Qazlal
Ru
Sif Muna
Trog
Uskayaw
Vehumet
Wu Jian
Xom
Yredelemnul
The Shining One

Shops:
D:7 :


Message History

Shadowy forms rise from the deep at the merfolk avatar's song!
The merfolk avatar chants its luring song.
The merfolk avatar chants its luring song.
You hit the merfolk avatar.
The merfolk avatar is poisoned.
The merfolk avatar is lightly wounded.
The merfolk avatar chants its luring song.
You slice the merfolk avatar!!
The merfolk avatar looks as sick as possible!
The merfolk avatar is moderately wounded.
The merfolk avatar chants its luring song.
You slice the merfolk avatar!!
The merfolk avatar looks as sick as possible!
The merfolk avatar is severely wounded.
You hit the merfolk avatar.
The merfolk avatar is severely wounded.
You slash the drowned soul!
The merfolk avatar chants its luring song.
You closely miss the merfolk avatar.
The merfolk avatar is severely wounded.
You slash the drowned soul! The drowned soul touches you.
The drowned soul drowns you!
* * * LOW HITPOINT WARNING * * *
The merfolk avatar chants its luring song.
You slash the merfolk avatar!
The merfolk avatar looks as sick as possible!
The merfolk avatar is severely wounded.
You slash the drowned soul! The drowned soul touches you.
The drowned soul drowns you!
* * * LOW HITPOINT WARNING * * *
The merfolk avatar chants its luring song.
You hit the merfolk avatar.
The merfolk avatar looks as sick as possible!
The merfolk avatar is almost dead.
You barely miss the merfolk avatar.
The merfolk avatar is almost dead.
You hit the drowned soul.
The merfolk avatar chants its luring song.
The drowned soul touches you. The drowned soul drowns you!
You die...
Your body crumbles into a pile of gold.

###~ ~~~~ ~#.~8
~~~~~~
##~~~~#####
~.~~~~.~~⌠#
~8~~~~.~~~#
~#...~#~@~#
#:?!!~~m#....~~
#(≈≈W#~#~.#~~~.
#[≈≈!#~~.~. P~~
#):( #~.~~#~ ~.
#### #~~.#~.~ ~
8~ ~#~P## .~ ⌠#
~#


You could see a merfolk avatar (mesmerising, extremely poisoned) and a drowned
soul (summoned).

Vanquished Creatures
  Gastronok (D:9)
  Harold (D:9)
  2 hydras (Lair:5)
  A catoblepas (Lair:5)
  A centaur warrior (D:8)
  Erica (D:9)
  A two-headed ogre (D:8)
  3 death yaks (Lair:2)
  Amaemon (Lair:1)
  A fire crab (Lair:4)
  2 skysharks
  A bog body (Lair:2)
  A deep elf archer (Volcano)
  6 deep elf pyromancers (Volcano)
  An ugly thing (D:7)
  5 black mambas
  12 elephants
  A manticore (Lair:5)
  Joseph (D:9)
  The ghost of BigDaddyOpFi the Digger, a novice MeEE (D:6)
  2 torpor snails (Lair:2)
  9 cane toads
  An orange demon (Lair:1)
  An unseen horror (D:10)
  7 komodo dragons
  Psyche (D:10)
  2 kobold demonologists (D:10)
  A troll (D:10)
  3 polar bears
  Grinder (D:5)
  6 dream sheep (Lair:5)
  3 hornets
  9 blink frogs (Lair:1)
  A vampire (D:8)
  33 yaks
  3 wyverns
  4 fire elementals (Volcano)
  3 redbacks (Lair:2)
  2 steam dragons (D:8)
  2 basilisks
  2 swamp worms (Lair:2)
  2 acid dragons
  14 water moccasins
  6 hell hounds (Volcano)
  7 orc warriors
  An ice beast (D:6)
  3 sky beasts
  5 black bears
  An ogre (D:6)
  9 wolves
  4 centaurs
  A phantom (D:7)
  2 kobold brigands
  18 bullfrogs
  A gnoll sergeant (D:5)
  2 scorpions (D:9)
  3 wights (D:9)
  8 killer bees
  5 howler monkeys
  An electric eel (Lair:2)
  3 hounds (D:5)
  Crazy Yiuf (D:7)
  8 orc priests
  3 iguanas
  15 orc wizards
  8 mummies (Ossuary)
  10 adders
  5 gnolls (D:5)
  A shadow imp (D:4)
  2 worms
  5 dart slugs
  51 orcs
  5 ball pythons
  An endoplasm (D:2)
  4 giant cockroaches
  A gnoll zombie (Ossuary)
  4 hobgoblins
  12 jackals
  14 kobolds
  11 quokkas
  2 bats
  5 frilled lizards
  5 goblins
  2 hobgoblin zombies (Ossuary)
  3 kobold zombies (Ossuary)
  2 orc zombies (Ossuary)
  7 rats
423 creatures vanquished.

Vanquished Creatures (others)
  A bullfrog (Lair:1)
  54 fungi
  101 plants
156 creatures vanquished.

Grand Total: 579 creatures vanquished

Notes
Turn   | Place    | Note
-------+----------+-------------------------------------------
     0 | D:1      | Iich the Hill Orc Fighter began the quest for the Orb.
     0 | D:1      | Reached XP level 1. HP: 19/19 MP: 1/1
   160 | D:1      | Reached skill level 3 in Axes
   247 | D:1      | Reached XP level 2. HP: 27/27 MP: 2/2
   816 | D:2      | Reached skill level 4 in Axes
   915 | D:2      | Found a faded altar of an unknown god.
   918 | D:2      | Reached XP level 3. HP: 32/33 MP: 3/3
  1291 | D:2      | Reached XP level 4. HP: 41/41 MP: 4/4
  1320 | D:2      | Reached skill level 5 in Axes
  1810 | D:3      | Found a hide-covered altar of Uskayaw.
  2407 | D:3      | Found a blossoming altar of Fedhas.
  2701 | D:4      | Reached XP level 5. HP: 27/47 MP: 5/5
  2704 | D:4      | Reached skill level 5 in Fighting
  2704 | D:4      | Reached skill level 6 in Axes
  2881 | D:4      | Found a hazy altar of Hepliaklqana.
  3377 | D:5      | Entered Level 5 of the Dungeon
  3406 | D:5      | Found a basalt altar of Yredelemnul.
  3426 | D:5      | Reached XP level 6. HP: 56/56 MP: 6/6
  3434 | D:5      | Reached skill level 7 in Axes
  3838 | D:5      | Found a staircase to the Ecumenical Temple.
  3840 | D:5      | Noticed a black bear
  3852 | Temple   | Entered the Ecumenical Temple
  3855 | Temple   | Killed a black bear
  3856 | Temple   | Reached skill level 8 in Axes
  3856 | Temple   | Reached XP level 7. HP: 47/63 MP: 7/7
  3933 | Temple   | Became a worshipper of Gozag Ym Sagoz the Greedy
  3969 | D:5      | Noticed Grinder
  3971 | D:5      | Paralysed by Grinder for 4 turns
  3991 | D:5      | Killed Grinder
  3992 | D:5      | Reached skill level 9 in Axes
  4264 | D:5      | Found an ornate altar of the Wu Jian Council.
  4347 | D:6      | Reached XP level 8. HP: 73/73 MP: 8/8
  4364 | D:6      | Reached skill level 10 in Axes
  4719 | D:6      | Found a runed translucent door.
  4723 | D:6      | Noticed BigDaddyOpFi's ghost (novice MeEE)
  4841 | D:6      | Reached skill level 11 in Axes
  4888 | D:6      | Found a shimmering altar of Xom.
  5095 | D:6      | Killed BigDaddyOpFi's ghost
  5096 | D:6      | Reached skill level 12 in Axes
  5096 | D:6      | Reached XP level 9. HP: 58/82 MP: 9/9
  5463 | D:7      | Found Fuorryv's Book Shoppe.
  5614 | D:7      | Reached skill level 13 in Axes
  6085 | D:7      | Found a runed translucent door.
  6086 | D:7      | Noticed Crazy Yiuf
  6091 | D:7      | Killed Crazy Yiuf
  6155 | D:8      | Found a sand-covered staircase.
  6168 | Ossuary  | Entered an ossuary
  6443 | D:8      | Noticed a brown ugly thing
  6445 | D:8      | Noticed a two-headed ogre
  6972 | D:7      | Killed a brown ugly thing
  6973 | D:7      | Reached skill level 10 in Fighting
  6973 | D:7      | Reached skill level 14 in Axes
  7314 | D:8      | Reached XP level 10. HP: 47/93 MP: 10/10
  7714 | D:8      | Killed a two-headed ogre
  7715 | D:8      | Reached skill level 15 in Axes
  8004 | D:8      | Paralysed by a hornet for 2 turns
  8527 | D:8      | Noticed a centaur warrior
  8538 | D:8      | Killed a centaur warrior
  8539 | D:8      | Reached skill level 16 in Axes
  9255 | D:9      | Found a staircase to the Lair.
  9267 | D:9      | Reached skill level 17 in Axes
  9268 | D:9      | Reached XP level 11. HP: 84/104 MP: 11/11
  9863 | D:9      | Noticed Gastronok
  9864 | D:9      | Noticed Joseph
  9864 | D:9      | Noticed Erica
  9877 | D:9      | Killed Erica
  9877 | D:9      | Killed Joseph
  9878 | D:9      | Reached skill level 18 in Axes
  9888 | D:9      | Killed Gastronok
 10268 | D:9      | Noticed Harold
 10283 | D:9      | Killed Harold
 10550 | D:9      | Found a staircase to the Orcish Mines.
 10626 | D:9      | Found a white marble altar of Elyvilon.
 10911 | D:10     | Entered Level 10 of the Dungeon
 10970 | D:10     | Reached skill level 19 in Axes
 11099 | D:10     | Found an iron altar of Okawaru.
 11618 | D:10     | Noticed Psyche
 12173 | D:10     | Reached XP level 12. HP: 115/115 MP: 12/12
 12179 | D:10     | Killed Psyche
 12608 | Lair:1   | Entered Level 1 of the Lair of Beasts
 12777 | Lair:1   | Reached skill level 20 in Axes
 13765 | Lair:1   | Noticed Amaemon
 13794 | Lair:1   | Killed Amaemon
 14444 | Lair:2   | Reached skill level 21 in Axes
 15535 | Lair:2   | Noticed a death yak
 15535 | Lair:2   | Noticed a death yak
 15554 | Lair:2   | Killed a death yak
 15557 | Lair:2   | Killed a death yak
 15873 | Lair:2   | Noticed a death yak
 15894 | Lair:2   | Killed a death yak
 15899 | Lair:2   | Reached skill level 15 in Fighting
 15902 | Lair:2   | Reached XP level 13. HP: 20/126 MP: 13/13
 16360 | Lair:2   | Reached skill level 22 in Axes
 16650 | Lair:2   | Found a staircase to the Swamp.
 17274 | Lair:2   | Found a hole to the Spider Nest.
 19101 | Lair:3   | HP: 5/128 [skyshark (19)]
 19104 | Lair:3   | Reached skill level 23 in Axes
 20171 | Lair:4   | Found a dark tunnel.
 20369 | Volcano  | Entered a volcano
 21435 | Lair:4   | Reached XP level 14. HP: 109/138 MP: 14/14
 21710 | Lair:4   | Reached skill level 24 in Axes
 22028 | Lair:5   | Entered Level 5 of the Lair of Beasts
 22552 | Lair:5   | Reached skill level 5 in Armour
 22709 | Lair:5   | Found the +12 glaive of Prune {freeze, Prune}
 22720 | Lair:5   | Drowned by a drowned soul

Illustrated notes

Levels and vault maps discovered:
D:1:      dpeg_arrival_oval, layout_basic, minmay_misc_feat_hallway,
          minmay_splitting_lines, chequers_serial_rivers_small_3
D:2:      minmay_inner_zag, layout_loops_corners,
          shapermc_ecumenical_altar_pompeii
D:3:      layout_loops_corners, fedhas_altar_fruit_tree,
          mainiacjoe_overflow_24_doors
D:4:      layout_rooms, nicolae_hepliaklqana_hippocampus,
          nicolae_elevator_lobby_asterisk
D:5:      layout_rooms, nicolae_overflow_crystal_walls,
          pdpol_wu_jian_five_deadly_venoms, minmay_temple_entry_statues_pillars,
          uniq_grinder
D:6:      layout_rooms, mainiacjoe_overflow_six_doors_small,
          ebering_ghost_sewer_d
D:7:      layout_rooms, serial_shops, nicolae_lakefront_shop,
          nicolae_lava_and_water, uniq_crazy_yiuf_cottage
D:8:      kennysheep_blocky_room, layout_cave_pools, special_room
          [special_room_orc], nicolae_ossuary_entry_ruins,
          minmay_chambers_of_fives
D:9:      layout_irregular_city, elyvilon_altar_5, due_lair_maze_entry_diamond,
          orc_0_dummy, uniq_joseph, uniq_erica, uniq_gastronok, uniq_harold
D:10:     layout_loops_ring, kennysheep_mini_moat, uniq_psyche
Temple:   eino_temple_lava
Lair:1:   layout_chaotic_city, beast_lair_carwin_8, uniq_amaemon
Lair:2:   layout_roguey, nicolae_swamp_entry_splash_gauntlet,
          spider_nest_entry_webs, beast_lair_carwin_5
Lair:3:   layout_hall_layers
Lair:4:   layout_long_grid, enter_volcano_4, infiniplex_staircase_pool_2,
          lemuel_fruit_tree, grunt_megastairs_4
Lair:5:   gammafunk_lair_ancient_temple, layout_regular_city, slime_entry_1,
          chequers_serial_rivers_small_a, nicolae_quartered_pool_medium,
          nicolae_lair_yak_garden, uniq_rupert

Skill      XL: |  1  2  3  4  5  6  7  8  9 10 11 12 13 14 |
---------------+-------------------------------------------+-----
Axes           | 3 4 5 6 8 9 12 14 17 19 21 23 24 | 24.5
Fighting       | 4 5 6 7 8 10 11 13 15 16 | 16.9
Armour         | 5 |  5.2
Shields        | |  3.2

Action                     |  1- 3 |  4- 6 |  7- 9 | 10-12 | 13-15 || total
---------------------------+-------+-------+-------+-------+-------++-------
  Melee: War axe           |    71 |   116 |   206 |   516 |   414 ||  1323
         Unarmed           |       |       |       |     9 |       ||     9
 Invoke: Potion Petition   |       |       |     2 |     5 |     5 ||    12
  Evoke: Wand              |       |       |       |     5 |     5 ||    10
         Phantom mirror    |       |       |       |     1 |     1 ||     2
         Piece from Xom's  |       |       |       |       |     3 ||     3
    Use: Scroll            |     5 |     1 |     8 |     5 |    10 ||    29
         Potion            |       |     2 |     6 |     3 |     6 ||    17
   Stab: Distracted        |       |       |     1 |     4 |     2 ||     7
         Invisible         |       |       |       |     7 |       ||     7
 Armour: Scale mail        |    38 |    20 |       |       |       ||    58
         Chain mail        |       |    41 |    96 |   214 |   131 ||   482
         Skin              |       |       |       |     3 |    40 ||    43
         Plate armour      |       |       |       |       |    83 ||    83
  Dodge: Dodged            |    33 |    48 |    57 |   132 |    95 ||   365
  Block: Buckler           |    16 |    29 |    26 |    93 |    81 ||   245

Table legend: (Time is in decaauts)
 A = Elapsed time spent in this place.
 B = Non-inter-level travel time spent in this place.
 C = Inter-level travel time spent in this place.
 D = Time resting spent in this place.
 E = Time spent auto-exploring this place.
 F = Levels seen in this place.
 G = Mean time per level.
                   A        B        C        D        E       F      G
               +--------+--------+--------+--------+--------+-----+--------+
         Total |  22559 |  22213 |    346 |   4514 |  14590 |  18 | 1253.3 |
       Dungeon |  12256 |  12031 |    225 |   2177 |   8041 |  10 | 1225.6 |
        Temple |     95 |     95 |      0 |      0 |     66 |   1 |   95.0 |
          Lair |   9271 |   9150 |    121 |   2337 |   5817 |   5 | 1854.2 |
       Ossuary |    251 |    251 |      0 |      0 |    156 |   1 |  251.0 |
       Volcano |    684 |    684 |      0 |      0 |    510 |   1 |  684.0 |
               +--------+--------+--------+--------+--------+-----+--------+

Top non-repeatable levels by time:
  Lair:1: 2806 daAuts
     D:9: 2265 daAuts
  Lair:2: 2206 daAuts
  Lair:3: 2076 daAuts
     D:7: 2067 daAuts
  Lair:4: 1896 daAuts
     D:8: 1618 daAuts
    D:10: 1135 daAuts
     D:4: 986 daAuts
     D:2: 985 daAuts
     D:3: 946 daAuts
     D:6: 885 daAuts
     D:1: 797 daAuts
 Volcano: 684 daAuts
     D:5: 568 daAuts
